 Dungeon Crawl Stone Soup version 0.22-b1-21-g5cfc168 (webtiles) character file.

38 goulibeur the Unweaver (level 3, -1/29 HPs)
             Began as a Demonspawn Abyssal Knight on Aug 3, 2018.
             Was a Follower of Lugonu.
             Slain by a worm (7 damage)
             ... on level 2 of the Dungeon.
             The game lasted 00:04:13 (1154 turns).

goulibeur the Unweaver (Demonspawn Abyssal Knight)  Turns: 1154, Time: 00:04:14

Health: -1/29      AC:  5    Str: 12    XL:     3   Next: 25%
Magic:  5/5        EV: 10    Int: 13    God:    Lugonu [*.....]
Gold:   92         SH:  0    Dex: 13    Spells: 2/2 levels left

rFire    . . .     SeeInvis +   a - +1 short sword
rCold    + . .     Gourm    .   (no shield)
rNeg     . . .     Faith    .   h - +0 ring mail (curse)
rPois    .         Spirit   .   (helmet restricted)
rElec    .         Reflect  .   (no cloak)
rCorr    .         Harm     .   (no gloves)
MR       .....                  (no boots)
Stlth    +.........             g - amulet of the acrobat
HPRegen  0.09/turn              k - ring of protection from cold
MPRegen  0.09/turn              d - ring of see invisible

@: no status effects
A: horns 1, spiny 1
a: Depart the Abyss, Renounce Religion


You were on level 2 of the Dungeon.
You worshipped Lugonu.
Lugonu was aware of your devotion.
You were hungry.

You visited 1 branch of the dungeon, and saw 2 of its levels.
You visited the Abyss 1 time.

You collected 92 gold pieces.

Inventory:

Hand Weapons
 a - a +1 short sword (weapon)
Armour
 b - a +0 leather armour
 f - a +0 ring mail
 h - a cursed +0 ring mail (worn)
Jewellery
 d - a ring of see invisible (right hand)
 g - an amulet of the acrobat (around neck)
 k - a ring of protection from cold (left hand)
Potions
 e - 3 potions of heal wounds {unknown}
 j - 2 potions of magic {unknown}
 n - a potion of agility {unknown}
Comestibles
 c - 3 rations


   Skills:
 + Level 3.2 Fighting
 - Level 1.7 Short Blades
 + Level 2.1 Armour
 + Level 1.4 Dodging
 * Level 3.6 Invocations


You had 2 spell levels left.
You didn't know any spells.
Your spell library was empty.

Dungeon Overview and Level Annotations

Branches:
Dungeon (2/15)

Altars:
Vehumet


Innate Abilities, Weirdness & Mutations

You have a pair of small horns on your head.
You are partially covered in sharp spines.


Message History

You kill the bat!
Lugonu accepts your kill.
You hit the worm.
The worm is lightly wounded.
You hit the worm.
The worm is lightly wounded.
The worm bites you but does no damage.
You hit the worm.
The worm is moderately wounded.
The worm bites you.
* * * LOW HITPOINT WARNING * * *
You barely miss the worm.
The worm is moderately wounded.
You hit the worm.
The worm is moderately wounded.
The worm closely misses you.
You completely miss the worm. You headbutt the worm.
The worm is moderately wounded.
The worm is struck by your spines. The worm bites you!
You die...

######
......########################
.##.#....†)..w@................
.........†####################
###.####.#.# #...$.##.#.#
.......#...####.
.......#........
..._...$.#####.. .......#.#
.......#.#


You could see a worm.

Vanquished Creatures
  An adder (D:2)
  An ooze (D:1)
  2 ball pythons (D:1)
  3 bats
  2 giant cockroaches (D:1)
  5 goblins
  A hobgoblin (D:1)
  6 kobolds (D:1)
  A frilled lizard (D:1)
  3 rats
25 creatures vanquished.

Notes
Turn   | Place    | Note
-------+----------+-------------------------------------------
     0 | Abyss:1  | goulibeur the Demonspawn Abyssal Knight began the quest for the Orb.
     0 | Abyss:1  | Reached XP level 1. HP: 18/18 MP: 2/2
    37 | Abyss:1  | Found a corrupted altar of Lugonu.
   100 | Abyss:1  | Noticed a starcursed mass
   101 | D:1      | Escaped the Abyss
   190 | D:1      | Reached skill level 1 in Dodging
   349 | D:1      | Gained mutation: You are partially covered in sharp spines. [demonic ancestry]
   349 | D:1      | Reached XP level 2. HP: 23/24 MP: 2/4
   388 | D:1      | Reached * piety under Lugonu
  1127 | D:2      | Found a radiant altar of Vehumet.
  1142 | D:2      | Gained mutation: You have a pair of small horns on your head. [demonic ancestry]
  1142 | D:2      | Reached XP level 3. HP: 7/29 MP: 5/5
  1154 | D:2      | Slain by a worm

Skill      XL: |  1 |
---------------+----+-----
Dodging        | 1 |  1.4
Armour         | 2 |  2.1
Invocations    | 3 |  3.6
Fighting       | |  3.2
Short Blades   | |  1.7

Action                   || total
-------------------------++-------
Melee: Short sword       ||    57
       Headbutt          ||     1
Invok: Depart the Abyss  ||     1
  Use: Scroll            ||     6
Armor: Leather armour    ||     5
       Ring mail         ||    10
Dodge: Dodged            ||    29
